 Dungeon Crawl Stone Soup version 0.31.0-32-g396128a36d (webtiles) character file.

Game seed: 8161685714851304619

5920 Pokrew the Fighter (level 11, -4/85 HPs)
             Began as a Djinni Fire Elementalist on Apr 11, 2024.
             Slain by a komodo dragon (12 damage)
             ... on level 1 of the Lair of Beasts.
             The game lasted 00:24:36 (9365 turns).

Pokrew the Fighter (Djinni Fire Elementalist)       Turns: 9365, Time: 00:24:37

Health: -4/85      AC: 21    Str:  7    XL:     11   Next: 9%
Gold:   520        EV: 10    Int: 26    God:
                   SH:  0    Dex: 15

rFire   + + +        b - +4 hand axe (protect)
rCold   x . .        (no shield)
rNeg    + . .        t - +4 ring mail {rF+}
rPois   ∞            (no helmet)
rElec   .            (no cloak)
rCorr   +            q - +0 pair of gloves "Tyihiuf" {rF+ rN+ Will- rCorr}
SInv    .            (boots unavailable)
Will    .....        u - amulet of the acrobat
Stlth   ++           h - +4 ring of protection
HPRegen 0.34/turn    n - +6 ring of intelligence
MPRegen 0.00/turn

%: acrobat, clarity, infuse magic (-5 HP)
@: marked, under a protective aura, flying
A: sickness immunity, fire resistance 2, cold vulnerability 1, float, innate
caster, HP casting, extra vitality 1, clarity
a: no special abilities


You were on level 1 of the Lair of Beasts.
You visited 2 branches of the dungeon, and saw 9 of its levels.

You collected 520 gold pieces.

Inventory:

Hand Weapons
 b - a +4 hand axe of protection (weapon)
 v - a +2 trident of draining
Armour
 c - a +0 helmet
 o - a +0 pair of gloves
 q - the +0 pair of gloves "Tyihiuf" (worn) {rF+ rN+ Will- rCorr}
   (You found it on level 1 of the Lair of Beasts)

   rF+:       It protects you from fire.
   rN+:       It protects you from negative energy.
   Will-:     It decreases your willpower.
   rCorr:     It protects you from acid and corrosion.
 t - a +4 ring mail of fire resistance (worn)
Jewellery
 e - an amulet of reflection
 h - a +4 ring of protection (left hand)
 n - a +6 ring of intelligence (right hand)
 u - an amulet of the acrobat (around neck)
Wands
 a - a wand of polymorph (6)
 p - a wand of mindburst (11)
Scrolls
 f - a scroll of blinking
 j - 2 scrolls of identify
 l - a scroll of vulnerability
 m - a scroll of revelation
Potions
 d - 2 potions of might {unknown}
 g - a potion of mutation


   Skills:
 * Level 10.2 Fighting
 * Level 8.7 Axes
 - Level 3.5 Dodging
 - Level 2.6 Stealth
 + Level 5.2 Spellcasting
 + Level 5.2 Conjurations
 + Level 5.2 Hexes
 + Level 5.2 Summonings
 + Level 5.2 Necromancy
 + Level 5.2 Translocations
 + Level 5.2 Fire Magic
 + Level 5.2 Ice Magic
 + Level 5.2 Air Magic
 + Level 5.2 Earth Magic
 + Level 5.2 Alchemy


You knew the following spells:

 Your Spells              Type           Power      Damage    Failure   Level
a - Foxfire               Conj/Fire      100%       2x1d9     3%          1
b - Scorch                Fire           66%        2d7       4%          2
c - Volatile Blastmotes   Fire/Tloc      66%        2d15      10%         3
d - Inner Flame           Hex/Fire       33%        N/A       10%         3
e - Flame Wave            Conj/Fire      33%        2d10      30%         4
f - Magic Dart            Conj           100%       1d8       3%          1
g - Ensorcelled Hibernat  Hex/Ice        66%        N/A       4%          2
h - Tukima's Dance        Hex            33%        N/A       10%         3
i - Animate Dead          Necr           33%        N/A       30%         4
j - Ignite Poison         Fire/Alch      33%        N/A       30%         4
Your spell library was empty.

Dungeon Overview and Level Annotations

Branches:
Dungeon (8/15)             Temple (0/1) D:6            Lair (1/5) D:8

Altars:
Cheibriados
Okawaru
Uskayaw

Shops:
D:6 (


Innate Abilities, Weirdness & Mutations

You are immune to sickness and miasma.
You are immune to poison.
Your flesh is very heat resistant. (rF++)
You are vulnerable to cold. (rC-)
You float through the air rather than walking.
You learn spells naturally, not from books.
Your magical power is your life essence.
You have superior vitality. (+4 MHP)
You possess an exceptional clarity of mind.


Message History

The bullfrog hits you but does no damage.
The cane toad stings you but does no damage.
The komodo dragon bites you but does no damage.
The wyvern bites you but does no damage.
You slash the cane toad!
The cane toad is moderately wounded.
You hit the komodo dragon but do no damage. x2
You hit the bullfrog. x2; You hit the wyvern.
The bullfrog hits you but does no damage.
The bullfrog barely misses you. The cane toad stings you!
* * * LOW HITPOINT WARNING * * *
The wyvern bites you but does no damage.
The komodo dragon misses you.
The bullfrog hits you but does no damage.
The komodo dragon completely misses you.
You barely miss the cane toad.
The cane toad is moderately wounded.
You hit the bullfrog. You barely miss the wyvern.
You hit the komodo dragon but do no damage. x2
You hit the bullfrog.
The bullfrog hits you but does no damage.
The wyvern bites you!
* * * LOW HITPOINT WARNING * * *
The cane toad stings you.
* * * LOW HITPOINT WARNING * * *
The bullfrog hits you but does no damage.
The komodo dragon bites you but does no damage.
The bullfrog closely misses you.
You closely miss the cane toad.
The cane toad is moderately wounded.
You hit the komodo dragon.
You hit the komodo dragon but do no damage.
You slash the bullfrog!
You kill the bullfrog!
You slash the bullfrog!
You kill the bullfrog!
You barely miss the wyvern.
The wyvern bites you but does no damage.
The komodo dragon bites you!
You die...

..............#
....##.###...## ....#####....#
....# ##...## ....# ##....##
.....##......#### ### ####
....##......##..#######.###.P#
..............Fkl............#
..............kF@............#
...............l†............#
...............l.............#
.............................#
####....#####..###.#######.###
###...## #### ### ### #.....#
##...## #.....#


You could see 3 komodo dragons, 2 cane toads and 2 wyverns.

Vanquished Creatures
  Harold (Lair:1)
  Joseph (Lair:1)
  2 komodo dragons
  Jeremiah (D:6)
  Grinder (D:5)
  2 wyverns
  Eustachio (D:4)
  A basilisk (Lair:1)
  A steam dragon (D:8)
  A water moccasin (Lair:1)
  An orc warrior (D:8)
  2 sky beasts
  3 ice beasts
  5 black bears
  2 ogres (D:6)
  3 phantoms
  A centaur (D:5)
  2 kobold brigands
  8 bullfrogs
  3 scorpions
  5 killer bees (D:7)
  2 howler monkeys (D:8)
  A bombardier beetle (D:6)
  3 hounds
  3 jellies
  An orc priest (D:8)
  4 sleepcaps
  2 gnoll boudas
  3 iguanas
  3 orc wizards
  9 gnolls
  3 adders
  A white imp (D:7)
  A ribbon worm (D:2)
  2 dart slugs
  8 orcs
  6 ball pythons
  5 endoplasms
  3 giant cockroaches
  4 hobgoblins
  A jackal (D:2)
  3 quokkas
  8 bats
  4 frilled lizards
  3 goblins
  18 kobolds
  A rat (D:1)
149 creatures vanquished.

Vanquished Creatures (collateral kills)
  A foxfire (Lair:1)
1 creature vanquished.

Vanquished Creatures (others)
  825 foxfires
825 creatures vanquished.

Grand Total: 975 creatures vanquished

Notes
Turn   | Place    | Note
-------+----------+-------------------------------------------
     0 | D:1      | Pokrew the Djinni Fire Elementalist began the quest for the
                  | Orb.
     0 | D:1      | Pokrew set off with the following spells memorised:
                  | Foxfire, Scorch, Volatile Blastmotes, Inner Flame, Flame
                  | Wave.
     0 | D:1      | Reached XP level 1. HP: 15/15 MP: 0/0
   235 | D:1      | Reached XP level 2. HP: 15/21 MP: 0/0
  1184 | D:2      | Reached XP level 3. HP: 10/25 MP: 0/0
  1184 | D:2      | Learned a level 1 spell: Magic Dart
  1416 | D:2      | Identified the +0 sling "Xitih" {flame, rF+ rC+ Int-4
                  | Stlth+}
  1781 | D:2      | Reached XP level 4. HP: 31/31 MP: 0/0
  2823 | D:4      | Noticed Eustachio
  2842 | D:4      | Killed Eustachio
  2843 | D:4      | Reached skill level 2 in Fighting
  2843 | D:4      | Reached XP level 5. HP: 8/39 MP: 0/0
  2843 | D:4      | Learned a level 2 spell: Ensorcelled Hibernation
  2843 | D:4      | Reached XP level 6. HP: 10/45 MP: 0/0
  3274 | D:5      | Entered Level 5 of the Dungeon
  3274 | D:5      | Noticed Grinder
  3278 | D:5      | Paralysed by Grinder for 2 turns
  3282 | D:5      | Paralysed by Grinder for 5 turns
  3289 | D:5      | Killed Grinder
  3290 | D:5      | Reached skill level 3 in Fighting
  3290 | D:5      | Reached XP level 7. HP: 30/50 MP: 0/0
  3290 | D:5      | Learned a level 3 spell: Tukima's Dance
  3727 | D:5      | Reached skill level 4 in Fighting
  3980 | D:5      | Reached XP level 8. HP: 30/58 MP: 0/0
  4436 | D:5      | Reached skill level 5 in Fighting
  4613 | D:5      | Reached skill level 6 in Fighting
  4624 | D:5      | Reached skill level 5 in Axes
  4926 | D:6      | Reached XP level 9. HP: 51/66 MP: 0/0
  4926 | D:6      | Learned a level 4 spell: Animate Dead
  5033 | D:6      | Found a staircase to the Ecumenical Temple.
  5247 | D:6      | Noticed Jeremiah
  5256 | D:6      | Killed Jeremiah
  5257 | D:6      | Reached skill level 7 in Fighting
  5424 | D:6      | Found Wefuoq's Weapon Shoppe.
  6333 | D:7      | Gained mutation: You possess an exceptional clarity of
                  | mind. [potion of mutation]
  6394 | D:7      | Reached skill level 8 in Fighting
  6787 | D:7      | Reached XP level 10. HP: 69/76 MP: 0/0
  7176 | D:7      | Found an iron altar of Okawaru.
  7252 | D:7      | Found a hide-covered altar of Uskayaw.
  7680 | D:7      | Found a snail-covered altar of Cheibriados.
  8067 | D:8      | Reached skill level 9 in Fighting
  8413 | D:8      | Found a staircase to the Lair.
  8477 | Lair:1   | Entered Level 1 of the Lair of Beasts
  8477 | Lair:1   | Noticed Joseph
  8477 | Lair:1   | Noticed a komodo dragon
  8484 | D:8      | Killed a komodo dragon
  8797 | Lair:1   | Killed Joseph
  8798 | Lair:1   | Reached skill level 5 in Spellcasting
  8798 | Lair:1   | Reached skill level 5 in Conjurations
  8798 | Lair:1   | Reached skill level 5 in Hexes
  8798 | Lair:1   | Reached skill level 5 in Summonings
  8798 | Lair:1   | Reached skill level 5 in Necromancy
  8798 | Lair:1   | Reached skill level 5 in Translocations
  8798 | Lair:1   | Reached skill level 5 in Fire Magic
  8798 | Lair:1   | Reached skill level 5 in Ice Magic
  8798 | Lair:1   | Reached skill level 5 in Air Magic
  8798 | Lair:1   | Reached skill level 5 in Earth Magic
  8798 | Lair:1   | Reached skill level 5 in Alchemy
  8856 | Lair:1   | Identified the +0 pair of gloves "Tyihiuf" {rF+ rN+ Will-
                  | rCorr}
  8899 | Lair:1   | Noticed a komodo dragon
  8910 | Lair:1   | Killed a komodo dragon
  9319 | Lair:1   | Noticed Harold
  9325 | Lair:1   | Noticed a komodo dragon
  9328 | Lair:1   | Noticed a komodo dragon
  9329 | Lair:1   | Killed Harold
  9330 | Lair:1   | Reached skill level 10 in Fighting
  9330 | Lair:1   | Reached XP level 11. HP: 68/85 MP: 0/0
  9330 | Lair:1   | Learned a level 4 spell: Ignite Poison
  9365 | Lair:1   | Slain by a komodo dragon

Illustrated notes

Levels and vault maps discovered:
D:1:      kennysheep_arrival_forest, layout_basic
D:2:      wad_crossroads, layout_basic, hangedman_feature_mirror,
          minmay_heptomino_h4
D:3:      layout_rooms
D:4:      layout_gridville, uniq_sigmund, uniq_edmund, uniq_crazy_yiuf_cottage,
          uniq_eustachio
D:5:      layout_basic, minmay_joined_circles, uniq_grinder
D:6:      layout_gridville, minmay_temple_entry_slanted, serial_shops,
          nicolae_shop_statue_plus, uniq_jeremiah
D:7:      layout_basic, okawaru_trees_2, mainiacjoe_overflow_alcove_4,
          mainiacjoe_overflow_six_doors_small,
          nicolae_concentric_dashed_squares_wild, minmay_misc_feat_nine_boxes
D:8:      layout_rooms, lair_entry_dummy
Lair:1:   layout_hall_layers, beast_lair_carwin_6, uniq_joseph, uniq_harold

Skill      XL: |  1  2  3  4  5  6  7  8  9 10 |
---------------+-------------------------------+-----
Stealth        | 2 |  2.6
Dodging        | 3 |  3.5
Fighting       | 2 3 4 6 8 10 | 10.2
Axes           | 2 3 5 6 8 |  8.7
Spellcasting   | 4 5 |  5.2
Conjurations   | 4 5 |  5.2
Hexes          | 4 5 |  5.2
Summonings     | 4 5 |  5.2
Necromancy     | 4 5 |  5.2
Translocations | 4 5 |  5.2
Fire Magic     | 4 5 |  5.2
Ice Magic      | 4 5 |  5.2
Air Magic      | 4 5 |  5.2
Earth Magic    | 4 5 |  5.2
Alchemy        | 4 5 |  5.2

Action                     |  1- 3 |  4- 6 |  7- 9 | 10-12 || total
---------------------------+-------+-------+-------+-------++-------
  Melee: Hand axe          |    19 |     5 |   146 |    43 ||   213
         Punch             |       |       |     4 |       ||     4
   Cast: Foxfire           |    97 |    79 |   167 |   170 ||   513
         Inner Flame       |       |     5 |     8 |    14 ||    27
         Scorch            |       |       |    12 |    11 ||    23
         Magic Dart        |       |       |     1 |       ||     1
    Use: Potion            |     1 |     2 |     7 |     2 ||    12
         Scroll            |       |       |     9 |     4 ||    13
 Armour: Leather armour    |    25 |     4 |     8 |       ||    37
         Robe              |     2 |       |       |       ||     2
         Ring mail         |       |       |   165 |   109 ||   274
         Skin              |       |       |    53 |       ||    53
  Dodge: Dodged            |    24 |     4 |   141 |    48 ||   217
